 Dungeon Crawl Stone Soup version 0.27.1-2-g3b301248ec (webtiles) character file.

Game seed: 4495625952604771751

1143 Descartes the Destroyer (level 8, -3/43 HPs)
             Began as a Deep Elf Wanderer on Oct 2, 2021.
             Engulfed by a steam dragon's steam (14 damage)
             ... on level 6 of the Dungeon.
             The game lasted 00:13:04 (6555 turns).

Descartes the Destroyer (Deep Elf Wanderer)         Turns: 6555, Time: 00:13:05

Health: -3/43      AC:  3    Str: 10    XL:     8   Next: 15%
Magic:  13/17      EV: 12    Int: 19    God:
Gold:   353        SH:  0    Dex: 14    Spells: 7/17 levels left

rFire    . . .     SeeInvis .   e - +1 dagger (speed)
rCold    . . .     Faith    .   (no shield)
rNeg     . . .     Spirit   .   d - +0 robe
rPois    .         Reflect  .   j - +0 helmet
rElec    .         Harm     .   x - scarf {repulsion}
rCorr    .         Rampage  .   (no gloves)
Will     .....                  (no boots)
Stlth    ++........             (no amulet)
HPRegen  0.14/turn              (no ring)
MPRegen  0.15/turn              (no ring)

@: mighty, very slightly contaminated, repel missiles
A: no striking features
a: no special abilities


You were on level 6 of the Dungeon.
You visited 1 branch of the dungeon, and saw 6 of its levels.

You collected 353 gold pieces.

Inventory:

Hand Weapons
 e - a +1 dagger of speed (weapon)
Missiles
 b - 29 poisoned darts (quivered)
 f - 132 stones
 m - 86 arrows
 p - 51 bolts
 r - 24 sling bullets
Armour
 d - a +0 robe (worn)
 j - a +0 helmet (worn)
 o - a +0 kite shield
 s - a +0 cloak
 x - a scarf of repulsion (worn)
Magical Staves
 l - a staff of poison
Scrolls
 c - a scroll of teleportation
 g - a scroll of silence {unknown}
 h - 2 scrolls of blinking {unknown}
 i - 5 scrolls of identify {unknown}
 k - 3 scrolls of enchant weapon {unknown}
 q - a scroll of brand weapon {unknown}
 u - a scroll of noise {unknown}
Potions
 a - 2 potions of attraction
 w - a potion of resistance {unknown}


   Skills:
 - Level 1.5 Fighting
 - Level 1.0 Throwing
 + Level 2.6 Dodging
 + Level 2.9 Stealth
 - Level 4.0 Shields
 - Level 5.0 Spellcasting
 + Level 8.1 Conjurations
 + Level 2.0 Poison Magic


You had 7 spell levels left.
You knew the following spells:

 Your Spells              Type           Power      Damage    Failure   Level
a - Magic Dart            Conj           100%       1d8       1%          1
b - Blink                 Tloc           N/A        N/A       19%         2
c - Mephitic Cloud        Conj/Pois/Air  17%        N/A       10%         3
d - Olgreb's Toxic Radia  Pois           12%        N/A       47%         4

Your spell library contained the following spells:

 Spells                   Type           Power      Damage    Failure   Level
 Conjure Flame            Conj/Fire      20%        6-21      7%          3
 Call Imp                 Summ           4%         N/A       19%         2
 Slow                     Hex            4%         N/A       19%         2
 Ozocubu's Refrigeration  Ice            2%         4d5       100%        7
 Ignition                 Fire           2%         3d3       100%        8


Dungeon Overview and Level Annotations

Branches:
Dungeon (6/15)
 Temple: D:4-7

Altars:
Ashenzari
Sif Muna
Wu Jian

Shops:
D:3 *   D:5 (

Annotations:
D:3 4 runed translucent doors, Crazy Yiuf; Descartes's ghost, amateur DEWn; manix's ghost, amateur MfTm


Message History

Casting: Magic Dart (safe; 1% risk of failure)
Confirm with . or Enter, or press ? or * to list all spells.
Aiming: Magic Dart (safe; 1% risk of failure)
Press: ? - help, Shift-Dir - straight line, f/p - centaur
Aim: a centaur, wielding a +0 shortbow and quivering arrows (almost dead, covered in acid, 100% to hit)
The magic dart hits the centaur.
You kill the centaur!
Your Poison Magic skill increases to level 2!
The steam dragon breathes steam at you. The ball of steam hits you!
The steam dragon bites you!
* * * LOW HITPOINT WARNING * * *
The steam dragon claws you.
* * * LOW HITPOINT WARNING * * *
It was a potion of heal wounds.
You feel much better. The steam dragon closely misses you.
The steam dragon claws you.
Casting: Magic Dart (safe; 1% risk of failure)
Confirm with . or Enter, or press ? or * to list all spells.
Okay, then.
It was a potion of might.
You feel very mighty all of a sudden. The steam dragon barely misses you. x2
You barely miss the steam dragon.
The steam dragon is moderately wounded.
You puncture the steam dragon!
The steam dragon is severely wounded.
The steam dragon breathes steam at you. The ball of steam hits you!
Casting: Magic Dart (safe; 1% risk of failure)
Confirm with . or Enter, or press ? or * to list all spells.
You miscast Blink.
You are very lightly contaminated with residual magic.
Nothing appears to happen.
You are engulfed in a cloud of scalding steam.
The steam dragon bites you.
* * * LOW HITPOINT WARNING * * *
The steam dragon claws you but does no damage.
Okay, then.
You are engulfed in a cloud of scalding steam.
You die...

#.##.#
#.##.#
#.##.#
#.##.#
#.##.#
#.##§#
#.##§#
#.##§#
#..@D#
###.§#
#..#
#.)#
#..#
#..#
#..#
#..#
#..#


You could see a steam dragon (corroded).

Vanquished Creatures
  2 ogres
  A necrophage (D:5)
  A centaur (D:6)
  2 phantoms
  2 scorpions
  A water moccasin zombie (D:3)
  2 jellies (D:5)
  A bullfrog zombie (D:5)
  5 hounds
  3 iguanas
  A hound skeleton (D:4)
  A howler monkey zombie (D:5)
  5 adders
  A white imp (D:5)
  An ufetubus (D:4)
  An adder skeleton (D:4)
  A worm (D:5)
  4 dart slugs
  4 orcs
  10 ball pythons
  6 bats (D:1)
  5 endoplasms
  4 giant cockroaches
  7 goblins
  4 hobgoblins
  2 jackals (D:2)
  7 quokkas
  7 frilled lizards
  10 kobolds
  6 rats
107 creatures vanquished.

Vanquished Creatures (others)
  5 fungi (D:2)
  4 plants (D:2)
  6 withered plants (D:3)
15 creatures vanquished.

Grand Total: 122 creatures vanquished

Notes
Turn   | Place    | Note
-------+----------+-------------------------------------------
     0 | D:1      | Descartes the Deep Elf Wanderer began the quest for the
                  | Orb.
     0 | D:1      | Descartes set off with the following items: a +0 dagger, 14
                  | poisoned darts, a scroll of teleportation, a +0 robe; and
                  | the following spell memorised: Magic Dart; and the
                  | following spells available to memorise: Blink, Call Imp,
                  | Slow, Conjure Flame, Mephitic Cloud
     0 | D:1      | Reached XP level 1. HP: 12/12 MP: 7/7
   345 | D:1      | Reached XP level 2. HP: 16/16 MP: 4/9
   689 | D:1      | Reached skill level 5 in Spellcasting
   707 | D:1      | Reached skill level 3 in Conjurations
   921 | D:1      | Reached XP level 3. HP: 13/20 MP: 0/11
  1770 | D:2      | Reached skill level 4 in Conjurations
  2089 | D:2      | Found a faded altar of an unknown god.
  2119 | D:2      | Reached XP level 4. HP: 25/25 MP: 9/13
  2405 | D:3      | Found a runed translucent gate.
  2407 | D:3      | Noticed Descartes's ghost (amateur DEWn)
  2407 | D:3      | Noticed manix's ghost (amateur MfTm)
  2408 | D:3      | Found a runed translucent gate.
  2408 | D:3      | Found a runed translucent gate.
  2587 | D:3      | Reached skill level 5 in Conjurations
  2793 | D:3      | Found a runed translucent door.
  2794 | D:3      | Noticed Crazy Yiuf
  2833 | D:3      | Reached XP level 5. HP: 29/29 MP: 8/14
  2936 | D:3      | Found Koyst's Assorted Antiques.
  3196 | D:4      | Found a broken altar of Ashenzari.
  3241 | D:4      | Noticed a phantom
  3243 | D:4      | Reached skill level 1 in Shields
  3608 | D:5      | Entered Level 5 of the Dungeon
  3633 | D:5      | Found a shimmering blue altar of Sif Muna.
  3661 | D:5      | Found Galedd's Antique Weapon Boutique.
  3671 | D:5      | Reached skill level 6 in Conjurations
  3678 | D:5      | Noticed a phantom
  3682 | D:5      | Noticed an ogre
  3683 | D:5      | Killed a phantom
  3684 | D:5      | Reached XP level 6. HP: 34/34 MP: 11/15
  4030 | D:4      | Reached XP level 7. HP: 34/38 MP: 12/16
  4121 | D:4      | Reached skill level 7 in Conjurations
  5375 | D:5      | Learned a level 2 spell: Blink
  5379 | D:5      | Learned a level 3 spell: Mephitic Cloud
  5642 | D:5      | Reached skill level 1 in Poison Magic
  5720 | D:5      | Learned a level 4 spell: Olgreb's Toxic Radiance
  5840 | D:5      | Found an ornate altar of the Wu Jian Council.
  6107 | D:6      | Reached skill level 8 in Conjurations
  6194 | D:6      | Reached XP level 8. HP: 43/43 MP: 10/17
  6555 | D:6      | Engulfed by a steam dragon's steam

Illustrated notes

Levels and vault maps discovered:
D:1:      minmay_arrival_plants_in_alcoves, layout_basic
D:2:      layout_basic, shapermc_ecumenical_altar_mp_urbaneastern, minivault_11,
          glass_columns_a, minmay_hedge_maze
D:3:      minmay_spotlight, layout_rooms, serial_shops, shop_fountains,
          gammafunk_ghost_cemetery, minmay_close_crescents,
          uniq_crazy_yiuf_cottage
D:4:      layout_cave_pods, amcnicky_altar_gilded
D:5:      layout_cave_pools, nicolae_wu_jian_wuxing_cycle,
          lemuel_blue_sif_altar, serial_shops, nicolae_shop_window_shopping
D:6:      layout_loops_ring, mainiacjoe_overflow_small_starburst,
          minmay_temple_entry_nine_rooms

Skill      XL: |  1  2  3  4  5  6  7  8 |
---------------+-------------------------+-----
Spellcasting   | 5 |  5.0
Conjurations   | 3 4 5 6 8 |  8.1
Shields        | 2 3 4 |  4.0
Stealth        | 2 |  2.9
Poison Magic   | 1 2 |  2.0
Dodging        | 2 |  2.6
Fighting       | |  1.5
Throwing       | |  1.0

Action                   |  1- 3 |  4- 6 |  7- 9 || total
-------------------------+-------+-------+-------++-------
Melee: Dagger            |     3 |       |     3 ||     6
 Cast: Magic Dart        |   106 |   102 |   133 ||   341
       Blink             |       |       |     1 ||     1
Evoke: Wand              |       |     2 |     4 ||     6
  Use: Potion            |       |     2 |     2 ||     4
Armor: Robe              |     5 |     3 |     7 ||    15
Dodge: Dodged            |    16 |    17 |    32 ||    65
       Repelled          |       |       |     1 ||     1
